[Event "Lliga Catalana DH 2023"]
[Site "Catalonia"]
[Date "2023.03.04"]
[Round "7.6"]
[White "Gutierrez Clares, Joaquim"]
[Black "Escandell Mari, Juan Carlos"]
[Result "0-1"]
[ECO "E12"]
[WhiteElo "2191"]
[BlackElo "2159"]
[Annotator "TA"]
[PlyCount "74"]
[EventDate "2023.01.24"]
[EventType "team-tourn"]
[EventCountry "ESP"]
[SourceTitle "playchess.com"]
[Source "ChessBase"]
[SourceQuality "1"]
[TimeControl "40/5400+30:1800+30"]

1. d4 Nf6 2. c4 e6 3. Nf3 b6 4. a3 Bb7 5. Nc3 d5 6. cxd5 Nxd5 7. Qc2 Be7 8. Bd2 O-O 9. e4 Nxc3 10. Bxc3 c5 11. Rd1 {[%emt 0:05:47] E12: Queen's Indian: Unusual White 4th moves, 4 a3, 4 Nc3 Bb7 5 a3 and 4 Nc3 Bb7 .} Qc7 {[%emt 0:13:38] [#]} (11... cxd4 $11 12. Rxd4 Qc7) 12. Bd3 $146 ({Better is} 12. d5 $1 $14) ({Predecessor:} 12. d5 exd5 13. exd5 Nd7 14. Bd3 g6 15. h4 Bxd5 16. h5 Rae8 17. hxg6 Bf6+ 18. Kf1 Bxf3 19. gxf7+ Rxf7 20. Bxh7+ {1-0 Giffard,N (2260)-Steedman,J (2132) WchT Seniors 65 2018 (7.5)}) 12... cxd4 $11 13. Nxd4 {[%emt 0:00:55][%cal Oe4e5] The position is equal.} a6 14. O-O Nd7 15. Rc1 Rfd8 16. Qe2 Nc5 {[%emt 0:03:42] Threatens to win with ...e5.} 17. Bc2 Bg5 18. Rcd1 e5 19. Nf5 Bf6 (19... g6 $11 20. Ne3 Nxe4 21. Bxe4 Bxe4) 20. Rc1 (20. Qf3 $5) 20... Bc6 21. Rfe1 Rd7 22. Qg4 Kh8 {[%emt 0:00:00] [#]} 23. Re3 (23. Ne3 $1 $16) 23... Ne6 24. Rce1 Rad8 25. Bb3 Nf4 $1 26. g3 Nd3 27. Rd1 $2 {[%emt 0:01:21] [#] Loses the game.} (27. Ra1 $1 $15) 27... Nc5 $1 $19 28. Rxd7 Bxd7 29. Bc2 g6 30. b4 $2 (30. f4 gxf5 31. exf5) 30... gxf5 31. exf5 Na4 32. Bxa4 Bxa4 33. f4 Qc4 {[%emt 0:01:54] And now ...Rd1+ would win.} 34. Qh5 (34. Qe2 Qb3 35. Kg2) 34... Rd1+ (34... exf4 $2 {leads to mate.} 35. Bxf6+ Kg8 36. Qg5+ Kf8 37. Qg7#) 35. Be1 Qd4 {[%emt 0:02:09] Black mates.} 36. Qe2 exf4 {[%emt 0:00:45][%mdl 64] Overworked Piece} 37. gxf4 Bh4 {[%emt 0:00:16] Weighted Error Value: White=0.68/Black=0.17 (very precise)} 0-1

[Event "Lliga Catalana DH 2023"]
[Site "Catalonia"]
[Date "2023.03.04"]
[Round "7.7"]
[White "Valencia Jimenez, Jose"]
[Black "Juan Bartroli, Marc"]
[Result "0-1"]
[ECO "D04"]
[WhiteElo "2023"]
[BlackElo "2104"]
[Annotator "TA"]
[PlyCount "70"]
[EventDate "2023.01.24"]
[EventType "team-tourn"]
[EventCountry "ESP"]
[SourceTitle "playchess.com"]
[Source "ChessBase"]
[SourceQuality "1"]
[TimeControl "40/5400+30:1800+30"]

1. Nf3 d5 2. b3 c5 3. Bb2 Nc6 4. e3 Nf6 5. d4 Bg4 6. Nbd2 cxd4 {[%emt 0:04:27] D04: Colle System.} 7. exd4 e6 8. a3 Rc8 {[%emt 0:01:55] The position is equal.} 9. Bd3 Bd6 10. O-O O-O 11. h3 Bh5 {[%emt 0:03:05] [#]} 12. g4 $146 (12. Qe1 $11 {is superior.}) ({Predecessor:} 12. Re1 Re8 13. g4 Bg6 14. Bxg6 hxg6 15. Ne5 g5 16. c4 Nd7 17. Nd3 {1-0 Nakamura,H (2750)-Mamedyarov,S (2776) Berlin FIDE GP 3 KO 2022 (1.3)}) 12... Bg6 $17 {[%emt 0:00:53] Black continues to play with concentration.} 13. Bxg6 hxg6 14. Ne5 Qb6 ({Black should play} 14... Ne4 $17 {Strongly threatening ...Qh4.} 15. Nxe4 dxe4) 15. g5 Bxe5 (15... Nxd4 {looks sharper.} 16. Ndc4 dxc4 17. Bxd4 Qa5) 16. dxe5 Ne4 {[%emt 0:02:58] Black is more active.} 17. Nf3 (17. Nxe4 $17 dxe4 18. Rc1) 17... Rfd8 ({Weaker is} 17... Ng3 18. Re1 $17) 18. Kg2 (18. Rc1 $17) 18... a5 19. Qe2 a4 20. b4 {[%emt 0:01:37] [#]} (20. Rab1 {is a better defense.}) 20... Ne7 $1 $19 21. h4 (21. Bd4 {was called for.} Qc7 22. Rac1) 21... Nf5 22. Rh1 {[%emt 0:02:25] [#]} (22. c3 {was necessary.}) 22... Qxf2+ $1 23. Qxf2 Nxf2 {[%emt 0:10:56] A dynamic duo of knights.} 24. Rhc1 Ne4 25. Bd4 Rc4 26. c3 Rdc8 27. Rab1 (27. Bf2 $142) 27... Nxd4 28. Nxd4 Rxc3 29. Rxc3 Rxc3 {[%emt 0:00:00][%mdl 4096] Endgame KRN-KRN} 30. Nb5 Rc2+ 31. Kf3 (31. Kg1 $142) 31... Nc3 (31... Nd2+ $142 32. Ke2 Nxb1+ 33. Kf1 Ra2) 32. Nd4 Rd2 {[%emt 0:00:00][%mdl 64] Trapped Piece} 33. Rc1 Rd3+ 34. Kg2 Rxd4 35. Rxc3 Rc4 {[%emt 0:00:00] Inhibits Rc8+.   Weighted Error Value: White=0.77/Black=0.42} (35... Rxh4 $2 {too greedy.} 36. Rc8+ Kh7 37. Rc7) 0-1

[Event "Lliga Catalana DH 2023"]
[Site "Catalonia"]
[Date "2023.03.04"]
[Round "7.7"]
[White "Saumoy Poch, Salvador"]
[Black "Obon Temprano, Sergi"]
[Result "0-1"]
[ECO "D45"]
[WhiteElo "2002"]
[BlackElo "2193"]
[Annotator "TA"]
[PlyCount "56"]
[EventDate "2023.01.24"]
[EventType "team-tourn"]
[EventCountry "ESP"]
[SourceTitle "playchess.com"]
[Source "ChessBase"]
[SourceQuality "1"]
[TimeControl "40/5400+30:1800+30"]

1. d4 d5 2. c4 c6 3. e3 Nf6 4. Nc3 e6 5. Nf3 Nbd7 6. cxd5 exd5 7. Bd3 Bd6 8. O-O O-O 9. Qc2 Re8 10. Re1 {D45: Semi-Slav: 5 e3.} h6 11. Rb1 a5 12. a3 {[#] The position is equal.} Qe7 $146 ({Predecessor:} 12... Kh8 13. e4 dxe4 14. Nxe4 Nxe4 15. Rxe4 Rxe4 16. Bxe4 Nf6 {½-½ Ashtiani,M (2088)-Nasri,A (2356) Urumia op 2nd 2008 (4)}) 13. e4 dxe4 14. Nxe4 Nxe4 15. Rxe4 Qd8 16. Rxe8+ Qxe8 17. Bd2 Nf6 18. Re1 Qd8 19. Ne5 Be6 20. b4 $2 {[#]} (20. Bf4 $11) 20... axb4 $17 21. axb4 Ra2 22. Qc1 Bxe5 23. Rxe5 Qxd4 24. Re3 (24. Qc3 Qxc3 25. Bxc3) 24... Nd5 {Black is clearly winning.} 25. Rg3 Ra1 26. Bb1 {White is weak on the light squares} Bf5 {[%cal Od4d2][%mdl 64] [#] ( -> ...Qxd2!). Pin} (26... Nxb4 $2 27. Bc3 $18) 27. Rb3 Rxb1 28. Rxb1 Bxb1 {Weighted Error Value: White=0.85/Black=0.44} 0-1

[Event "Lliga Catalana DH 2023"]
[Site "Catalonia"]
[Date "2023.03.04"]
[Round "7.8"]
[White "Martinez Ramirez, Erik"]
[Black "Navarro Perez, Manuel"]
[Result "1-0"]
[ECO "C47"]
[WhiteElo "2186"]
[BlackElo "2004"]
[Annotator "TA"]
[PlyCount "43"]
[EventDate "2023.01.24"]
[EventType "team-tourn"]
[EventCountry "ESP"]
[SourceTitle "playchess.com"]
[Source "ChessBase"]
[SourceQuality "1"]
[TimeControl "40/5400+30:1800+30"]

1. e4 d6 2. d4 e5 3. Nf3 Nc6 4. dxe5 Nxe5 5. Nc3 Nf6 6. Nxe5 dxe5 7. Qxd8+ Kxd8 8. Bg5 {C47: Scotch Four Knights and Four Knights with 4 g3.} Be7 9. Rd1+ Bd7 10. Bc4 {White is slightly better.} Rf8 {[#]} 11. f4 $146 ({Predecessor:} 11. f3 c6 12. Ke2 Kc7 13. Rd3 Rad8 14. Rhd1 b5 15. Bb3 c5 16. Bxf6 Bxf6 17. Nd5+ {1-0 Jacob,T (1874)-Damm,H (1761) Dresden ZMD op-B 21st 2012 (3)}) 11... h6 12. Bh4 (12. Bxf6 $14 gxf6 13. Be2) 12... exf4 $15 13. e5 {[#]} Re8 $2 14. Bxf7 $1 $16 {White is much more active. The black rooks are badly placed.} ({Weaker is} 14. exf6 Bxf6+ 15. Kd2 Bxh4 $17) 14... Ng4 (14... Nh7 $16 {might work better.} 15. Bf2 Ng5) 15. Bxe7+ $18 Kxe7 16. Bxe8 Rxe8 17. O-O {And now Nd5+ would win.} g5 18. Rfe1 {Nd5+ is the strong threat.} Bc6 19. Nd5+ Bxd5 20. Rxd5 Ke6 21. Rd2 Nxe5 $2 {[#]} (21... h5 $16 22. h3 Ne3) 22. Rxe5+ $1 {[%mdl 512] Weighted Error Value: White=0.28 (precise) /Black=0.34} 1-0

[Event "Lliga Catalana DH 2023"]
[Site "Catalonia"]
[Date "2023.03.04"]
[Round "7.8"]
[White "Nadal Fajardo, Ricard"]
[Black "Ruiz Lupon, Neri"]
[Result "1-0"]
[ECO "D36"]
[WhiteElo "2024"]
[BlackElo "1922"]
[Annotator "TA"]
[PlyCount "81"]
[EventDate "2023.01.24"]
[EventType "team-tourn"]
[EventCountry "ESP"]
[SourceTitle "playchess.com"]
[Source "ChessBase"]
[SourceQuality "1"]
[TimeControl "40/5400+30:1800+30"]

1. d4 d5 2. c4 e6 3. Nc3 Nf6 4. cxd5 exd5 5. Bg5 Be7 6. Qc2 Nbd7 7. e3 c6 8. Bd3 Nf8 9. Nf3 g6 10. O-O Ne6 11. Bh4 O-O 12. Ne5 {[%emt 0:00:58] D36: Queen's Gambit Declined: Exchange Variation: Main line (5 Bg5 c6 6 Qc2).} Ng7 13. Qb3 Qb6 {[%emt 0:07:28] [#]} 14. Qc2 $146 {[%emt 0:09:31] The position is equal.} ({Predecessor:} 14. Na4 Qc7 {½-½ Garscha,K (2328)-Hoffmann,F (2364) WS MN/040 email 2008}) 14... Re8 15. Rac1 Qd8 16. a3 a5 17. Qb3 Bd6 (17... Nd7 $11 18. Bxe7 Rxe7) 18. f4 (18. Na4 $5 ) 18... Be7 $1 19. Na4 Nd7 20. Bf2 $36 {[%emt 0:03:43][%mdl 2048] White fights for an advantage.} Rb8 (20... Nf6 $11) 21. e4 $14 {[%emt 0:10:42] White has more active pieces. The black rooks are badly placed.} Nxe5 22. dxe5 dxe4 23. Bxe4 Be6 24. Qc2 Bf5 (24... b5 $142) 25. Rfd1 Qc8 {[%emt 0:01:22] [#]} 26. Ba7 $1 {[%emt 0:04:16] Black is weak on the dark squares} b5 {[%emt 0:02:22] Hoping for ...Rb7.} 27. Bxb8 Qxb8 {[%emt 0:00:08] [#]} 28. Nc3 Qb6+ (28... Bc5+ $16 29. Kh1 Be3) 29. Kh1 $18 Qe3 (29... Bg4 $142 30. Rd3 Be6) 30. Bxf5 Nxf5 31. Qe4 Qxe4 (31... Qb6 $142 32. Rd3 b4) 32. Nxe4 Ne3 33. Rd7 Nc4 34. g3 Kf8 35. b3 {[%emt 0:01:19] White is clearly winning.} Bxa3 36. Ra1 Bb2 {[%emt 0:01:32] Threatens to win with ...Nxe5.} 37. Ra2 Nb6 38. Rb7 Bd4 39. Rd2 Be3 40. Rd3 Nd5 41. Nc3 {[%emt 0:31:23] Weighted Error Value: White=0.12 (very precise) /Black=0.34} 1-0

[Event "Lliga Catalana DH 2023"]
[Site "Catalonia"]
[Date "2023.03.04"]
[Round "7.9"]
[White "Fernandez Climent, Albert"]
[Black "Gonzalez Escudero, Josep"]
[Result "1/2-1/2"]
[ECO "C03"]
[WhiteElo "1959"]
[BlackElo "1950"]
[Annotator "TA"]
[PlyCount "46"]
[EventDate "2023.01.24"]
[EventType "team-tourn"]
[EventCountry "ESP"]
[SourceTitle "playchess.com"]
[Source "ChessBase"]
[SourceQuality "1"]
[TimeControl "40/5400+30:1800+30"]

1. e4 e6 2. d4 d5 3. Nd2 h6 4. Bd3 c5 5. exd5 exd5 6. Ngf3 {[%emt 0:02:53] C03: French Tarrasch: Unusual Black 3rd moves.} Nf6 7. O-O c4 8. Re1+ {[%emt 0:04:07] White has an edge.} Be7 9. Bf1 O-O 10. c3 Nc6 11. b3 cxb3 12. axb3 {[%emt 0:00:05] [#]} Re8 $146 ({Predecessor:} 12... Bf5 13. Ne5 Nxe5 14. dxe5 Nd7 15. Nf3 Nc5 16. Nd4 Bg6 17. f4 Ne6 18. f5 Nxd4 19. fxg6 {0-1 Grigoriants,S (2603)-Piorun,K (2609) Wch Blitz 9th 2015 (21)}) 13. Bd3 Qc7 14. Bb2 Be6 15. Nf1 Bd6 16. h3 Ne7 17. Ne3 a5 18. Nh4 Qd7 19. Qf3 Nh7 20. Nhf5 Nxf5 21. Bxf5 (21. Nxf5 $5 Ng5 22. Qg4 $14) 21... Qb5 22. Reb1 Ng5 23. Qd1 (23. Qg4 $5 ) 23... Bf4 {[%emt 0:05:11] Weighted Error Value: White=0.11 (very precise) /Black=0.07 (flawless)} (23... Qd7 {is more appropriate.} 24. Qg4 Ne4) 1/2-1/2

[Event "Lliga Catalana DH 2023"]
[Site "Catalonia"]
[Date "2023.03.04"]
[Round "7.9"]
[White "Catarineu Rabell, Manel"]
[Black "Ramirez Carrizo, Victor Jose"]
[Result "1/2-1/2"]
[ECO "D58"]
[WhiteElo "1923"]
[BlackElo "2179"]
[Annotator "TA"]
[PlyCount "56"]
[EventDate "2023.01.24"]
[EventType "team-tourn"]
[EventCountry "ESP"]
[SourceTitle "playchess.com"]
[Source "ChessBase"]
[SourceQuality "1"]
[TimeControl "40/5400+30:1800+30"]

1. d4 d5 2. Nf3 Nf6 3. c4 e6 4. Bg5 Be7 5. Nc3 O-O 6. e3 Nbd7 7. Bd3 h6 8. Bh4 c5 9. O-O b6 10. Rc1 Bb7 11. Re1 Rc8 12. cxd5 {D58: Queen's Gambit Declined: Tartakower Defence.} (12. Ne5 {is more complex.} dxc4 13. Nxc4 cxd4 14. exd4 Nd5 15. Bxe7 Qxe7 16. Qd2) 12... Nxd5 13. Bxe7 Nxe7 {[#]} (13... Qxe7 {simplifies} 14. Nxd5 Bxd5 15. a3 Bb7) 14. Nb5 $146 ({Predecessor:} 14. Bf1 Nf6 15. Qe2 Ng6 16. g3 cxd4 17. Nxd4 Nd5 18. Bg2 Nxc3 19. bxc3 Bxg2 20. Kxg2 {0-1 Yangibayev,R (1451)-Witt,R (1709) Dortmund Sparkassen op-B 44th 2016 (1)}) 14... cxd4 15. Rxc8 Nxc8 16. Nfxd4 Nc5 {[#] Strongly threatening ...Nxd3.} 17. Be2 (17. Bb1 $11) 17... Qd7 (17... Qd5 $15 18. Bf3 Qxa2 19. Bxb7 Nxb7) 18. Nc3 {The position is equal.} Ne7 19. Bf3 Rd8 20. Bxb7 Qxb7 21. Qf3 Qa6 22. Qe2 Qxe2 23. Rxe2 e5 24. Nf3 f6 25. Rd2 Rxd2 26. Nxd2 Kf7 27. Kf1 Ke6 28. Ke2 Nd5 {Not much happened in this game.   Weighted Error Value: White=0.09 (flawless) /Black=0.09 (flawless)} 1/2-1/2

[Event "Lliga Catalana DH 2023"]
[Site "Catalonia"]
[Date "2023.03.04"]
[Round "7.10"]
[White "Bosque Ortega, Xavier"]
[Black "Galofre Galofre, Salvador"]
[Result "1-0"]
[ECO "D00"]
[WhiteElo "2166"]
[BlackElo "1762"]
[Annotator "TA"]
[PlyCount "141"]
[EventDate "2023.01.24"]
[EventType "team-tourn"]
[EventCountry "ESP"]
[SourceTitle "playchess.com"]
[Source "ChessBase"]
[SourceQuality "1"]
[TimeControl "40/5400+30:1800+30"]

1. d4 d5 2. Bf4 Nf6 3. e3 c5 4. c3 Nc6 5. Nd2 cxd4 6. exd4 {D00: 1 d4 d5: Unusual lines.} Bg4 7. Qb3 Qc8 8. h3 {White is slightly better.} Be6 (8... Qe6+ 9. Ne2 Bxe2 10. Bxe2 $14) 9. Bd3 g6 10. Ngf3 {White is more active.} Bg7 11. O-O O-O 12. Rfe1 Ne4 {[#]} 13. Qc2 $146 ({Predecessor:} 13. Bxe4 dxe4 14. d5 exf3 15. Nxf3 Bxd5 16. Qxd5 e6 17. Qb3 Na5 18. Qa4 b6 19. Be5 {0-1 Pabalan,R (2126)-Istratescu,A (2620) Dubai HOC blitz op 2019 (2)}) 13... Nxd2 14. Qxd2 Bf5 15. Bb5 Qd8 16. Bxc6 bxc6 {Black is weak on the dark squares} 17. Bh6 Qd6 18. Bxg7 Kxg7 19. Qe3 Rfe8 20. Qe5+ ({Better is} 20. g4 $14 Bc8 21. Qe5+ Qxe5 22. Nxe5) 20... f6 $11 21. Qxd6 exd6 22. Rxe8 Rxe8 23. Re1 {Inhibits Re2.} Rxe1+ 24. Nxe1 {[%mdl 4096] Endgame KB-KN} c5 25. g4 Bb1 26. a3 c4 27. f3 g5 28. Kf2 (28. Ng2 $5 ) 28... Bg6 29. Ng2 Bf7 30. Kg3 Be6 31. h4 h6 32. f4 Kh7 33. Ne1 Kg7 34. Nf3 gxf4+ 35. Kxf4 h5 $2 36. g5 $2 (36. gxh5 Kh6 37. Ne1 Kxh5) (36. Nh2 $18) 36... Kg6 37. gxf6 Kxf6 38. Nd2 Bf7 39. Nf1 Be6 40. Ne3 Kg6 41. Nc2 a5 42. Na1 a4 {( -> ...Bf5)} 43. Nc2 Kf6 44. Nb4 Bf7 45. Na6 Be8 $1 46. Nb4 Bf7 47. Nc2 $1 Kg6 48. Ne3 Be6 {Prevents Nf5.} 49. Nc2 Bd7 50. Nb4 Be6 51. Nc6 Kf6 52. Nb8 Bc8 53. Nc6 Bd7 54. Nb4 Be6 55. Na6 Bd7 56. Nc7 (56. Nb4 $5 Be6 $8 57. Na6 $11) 56... Bc6 57. Kg3 Kf5 58. Kf3 Kf6 59. Kf4 Kg6 60. Ne6 Kf6 61. Nd8 $2 (61. Ng5 $11) 61... Bd7 (61... Ba8 $142 62. Ke3 Ke7 {[%mdl 64] Trapped Piece}) 62. Nb7 $19 Ke7 63. Kg5 Bg4 64. Na5 {[#] Nc6+ is the strong threat.} Ke6 $4 (64... Kd7 $1 $19 {[%cal Rd7c7] and all is fine. And now ...Kc7 would win.} 65. Kf6 Kc7) 65. Nc6 $18 Kd7 $2 (65... Bf3 $11) 66. Nb4 {White is clearly winning.} Bf3 {[#]} 67. Nc2 $1 Ke6 68. Ne3 Be2 69. Nf5 Bg4 70. Ng7+ Kf7 71. Nxh5 {Weighted Error Value: White=0.10 (very precise) /Black=0.12 (very precise)} 1-0

[Event "Lliga Catalana DH 2023"]
[Site "Catalonia"]
[Date "2023.03.04"]
[Round "7.10"]
[White "Alvarez Serra, Jordi"]
[Black "Pinyol i Llora, Julia"]
[Result "0-1"]
[ECO "A07"]
[WhiteElo "1850"]
[BlackElo "1916"]
[Annotator "TA"]
[PlyCount "76"]
[EventDate "2023.01.24"]
[EventType "team-tourn"]
[EventCountry "ESP"]
[SourceTitle "playchess.com"]
[Source "ChessBase"]
[SourceQuality "1"]
[TimeControl "40/5400+30:1800+30"]

1. Nf3 d5 2. b3 Nf6 3. Bb2 Bf5 4. d3 e6 5. Nbd2 h6 6. c4 Be7 7. g3 O-O 8. Bg2 c5 9. O-O Nc6 10. cxd5 exd5 11. d4 {[%emt 0:02:35] A07: Réti Opening: New York and Capablanca Systems.} Ne4 12. e3 Bf6 13. Ne5 {[%emt 0:05:44] [#] The position is equal.} Bxe5 $146 ({Predecessor:} 13... cxd4 14. Nxc6 bxc6 15. Nxe4 dxe4 16. Bxd4 Bxd4 17. Qxd4 Qxd4 18. exd4 Rfd8 19. Rfd1 {½-½ Pribelszky,B (2389)-Leszko,B (2298) Budapest Vezerkepzo GM 12 2022 (5)}) 14. dxe5 Nb4 15. Nxe4 (15. Qe2 $14) 15... dxe4 $11 16. Qh5 Bg6 17. Qg4 Qg5 ({Better is} 17... h5 $15 18. Qe2 Qd3 19. Qxd3 Nxd3) 18. Qxg5 hxg5 19. Rfd1 Nd3 20. Bc3 Rfe8 21. f4 exf3 22. Bxf3 Rab8 23. Rxd3 $2 Bxd3 $19 24. Bd5 Bf5 25. e4 Be6 26. Kf2 {[%emt 0:00:00] [#]} f5 27. Bxe6+ $17 Rxe6 28. exf5 {[%emt 0:00:00][%mdl 4096] Endgame KRR-KRB} Rh6 (28... Rf8 $1 $17 29. g4 g6) 29. Kf3 (29. Rd1 $1 $11 {keeps the balance.}) 29... Rd8 $1 {[%emt 0:00:00] ...Rd3+ would be deadly.} 30. Kg4 Rxh2 {[%emt 0:01:02] Black is more active.} (30... Rd3 $17 31. Rc1 Rxh2) 31. e6 {[%emt 0:03:33] [#]} (31. Re1 $11) 31... Re2 ({Black should play} 31... Rc2 $1 $17 32. Be5 Re2) 32. Kxg5 $2 (32. Kh5 $1 $11 {and White has nothing to worry.} Rd3 33. Rc1 Rh2+ 34. Kg6 Rh6+ 35. Kxg5) 32... Rd3 $19 33. Rc1 {[%emt 0:01:10] [#]} Rxg3+ (33... Rxa2 34. g4 Re2 35. Bxg7 Kxg7 36. Rxc5 $16) (33... Re4 $1 $19 34. Be1 (34. g4 $2 Rg3 $19) 34... b6) 34. Kf4 $17 Rd3 {[%emt 0:02:34] And now ...Kf8 would win.} 35. Be5 $2 (35. Ba1 $1 $15) 35... Rd5 $19 (35... Rxa2 36. Rg1 Rf2+ 37. Ke4 Re2+ 38. Kf4 $11 (38. Kxd3 Rxe5 39. f6 g5 $11)) 36. Ba1 (36. Bb8 $142) 36... Rf2+ ({Inferior is} 36... Rxa2 37. Re1 Kf8 38. Bxg7+ (38. e7+ $2 Ke8 $19) 38... Kxg7 39. e7 Rd4+ 40. Kf3 Rd3+ 41. Kf4 Rf2+ 42. Kg5 Rg2+ 43. Kf4 Rf2+ 44. Kg5 Rg2+ 45. Kf4 Rf2+ $11) 37. Kg3 Rfxf5 (37... Rdxf5 $2 {too greedy.} 38. Rxc5 Rxc5 39. Kxf2 $19) 38. Re1 Kf8 {[%emt 0:01:09] Weighted Error Value: White=0.66/Black=0.40} 0-1